 Dungeon Crawl Stone Soup version 0.30-a0-42-g806c11bf1d (webtiles) character file.

Game seed: 8250132103220120194

287 SensoryNuts the Chopper (level 6, 0/58 HPs)
             Began as a Minotaur Fighter on Aug 30, 2022.
             Succumbed to a water moccasin's poison
             ... on level 6 of the Dungeon.
             The game lasted 00:02:36 (1587 turns).

SensoryNuts the Chopper (Minotaur Fighter)          Turns: 1587, Time: 00:02:37

Health: 0/58       AC:  9    Str: 21    XL:     6   Next: 8%
Magic:  5/5        EV: 11    Int:  5    God:
Gold:   125        SH:  5    Dex: 11    Spells: 5/5 levels left

rFire   . . .      SeeInvis .    n - +0 broad axe
rCold   . . .      Faith    .    c - +0 buckler
rNeg    . . .      Spirit   .    b - +2 scale mail
rPois   .          Reflect  .    (helmet restricted)
rElec   .          Harm     .    (no cloak)
rCorr   .          Rampage  .    (no gloves)
Will    .....                    (no boots)
Stlth   +.........               (no amulet)
HPRegen 0.19/turn                (no ring)
MPRegen 0.09/turn                (no ring)

@: mighty, brilliant, lethally poisoned (0 -> -5), flying, hasted, very quick
A: horns 2, retaliatory headbutt
a: no special abilities


You were on level 6 of the Dungeon.
You visited 1 branch of the dungeon, and saw 4 of its levels.

You collected 125 gold pieces.

Inventory:

Hand Weapons
 n - a +0 broad axe (weapon)
Armour
 b - a +2 scale mail (worn)
 c - a +0 buckler (worn)
Jewellery
 a - a ring of resist corrosion
 d - a ring of flight
Scrolls
 h - a scroll of blinking
 m - a scroll of poison


   Skills:
 + Level 6.4 Fighting
 - Level 3.1 Long Blades
 * Level 7.0 Axes
 + Level 6.8 Armour
 + Level 4.1 Dodging
 + Level 3.3 Stealth
 + Level 6.2 Shields


You had 5 spell levels left.
You didn't know any spells.
Your spell library was empty.

Dungeon Overview and Level Annotations

Branches:
Dungeon (3/15)

Altars:


Innate Abilities, Weirdness & Mutations

You have a pair of horns on your head.
You reflexively headbutt those who attack you in melee.


Message History

Your headbutt misses the water moccasin.
The water moccasin is almost dead.
* * * LOW HITPOINT WARNING * * *
You feel very sick. You block the water moccasin's attack.
You miss the water moccasin. You headbutt the water moccasin.
You kill the water moccasin!
* * * LOW HITPOINT WARNING * * *
You feel very sick.
Your Axes skill increases to level 7!
You have reached level 6!
Okay, then.
Okay, then.
There is a lethal amount of poison in your body!
There is a lethal amount of poison in your body!
There is a lethal amount of poison in your body!
There is a lethal amount of poison in your body!
There is a lethal amount of poison in your body!
You feel clever all of a sudden.
* * * LOW HITPOINT WARNING * * *
You feel sick.
You feel very buoyant.
You fly up into the air.
* * * LOW HITPOINT WARNING * * *
You feel sick.
Really read the scroll of poison?
You can't even see any enemies this would affect.
The air fills with toxic fumes!
As you read the scroll of poison, it crumbles to dust.
* * * LOW HITPOINT WARNING * * *
You feel sick.
As you read the scroll of enchant armour, it crumbles to dust.
Your +0 scale mail glows green for a moment.
* * * LOW HITPOINT WARNING * * *
You feel sick.
As you read the scroll of enchant armour, it crumbles to dust.
Your +1 scale mail glows green for a moment.
* * * LOW HITPOINT WARNING * * *
You feel sick.
You swing at nothing.
You die...

#####...#
#.....§§
#.....§§
#.....§§
.....§# ...§#
#.§#
#####+###§#
#§§§§§§§@§#
#§§§§§§§###
#§§§§§§§#
#§§§§§§§######
#§§§§§§§.....#
#§§§§§§§.....#
+§§§§§§§.....#
#§§§§§§§.......
#..............


There were no monsters in sight!

Vanquished Creatures
  A water moccasin (D:6)
  A sky beast (D:6)
  A worm (D:2)
  2 dart slugs
  3 endoplasms
  4 giant cockroaches
  2 goblins
  2 hobgoblins (D:1)
  3 jackals (D:1)
  6 ball pythons
  2 bats
  A frilled lizard (D:2)
  4 kobolds (D:1)
  4 rats
36 creatures vanquished.

Notes
Turn   | Place    | Note
-------+----------+-------------------------------------------
     0 | D:1      | SensoryNuts the Minotaur Fighter began the quest for the
                  | Orb.
     0 | D:1      | Reached XP level 1. HP: 19/19 MP: 0/0
   391 | D:1      | Reached XP level 2. HP: 26/27 MP: 1/1
   632 | D:1      | Found a faded altar of an unknown god.
   816 | D:2      | Identified the +7 short sword "Fobec" {venom, *Rage rPois
                  | Str+8 Int-5}
   827 | D:2      | Reached XP level 3. HP: 32/33 MP: 2/2
  1489 | D:2      | Reached skill level 6 in Axes
  1489 | D:2      | Reached XP level 4. HP: 44/44 MP: 3/3
  1552 | D:3      | You fall into a shaft and drop 3 floors!
  1555 | D:6      | Noticed a sky beast
  1565 | D:6      | Killed a sky beast
  1566 | D:6      | Reached XP level 5. HP: 12/51 MP: 4/4
  1573 | D:6      | Noticed a water moccasin
  1581 | D:6      | Killed a water moccasin
  1582 | D:6      | Reached skill level 7 in Axes
  1582 | D:6      | Reached XP level 6. HP: 7/58 MP: 5/5
  1585 | D:6      | HP: 2/58 [poisoned by a water moccasin]
  1587 | D:6      | Succumbed to a water moccasin's poison

Illustrated notes

Levels and vault maps discovered:
D:1:      saegor_arrival_simple_a, layout_basic,
          hellmonk_ecumenical_altar_blasted, serial_rivers,
          chequers_serial_rivers_small_b, chequers_serial_rivers_room_b,
          chequers_serial_rivers_micro_d, chequers_serial_rivers_marsh,
          chequers_serial_rivers_small_3
D:2:      layout_loops_ring
D:3:      layout_basic
D:6:      layout_basic, serial_shops, nicolae_shop_hallway_plus,
          corner_web_ring, nicolae_concentric_dashed_squares_wild,
          nicolae_shop_firing_range

Skill      XL: |  1  2  3  4  5 |
---------------+----------------+-----
Long Blades    | 3 |  3.1
Armour         | 4 6 |  6.8
Fighting       | 4 6 |  6.4
Axes           | 6 7 |  7.0
Dodging        | 4 |  4.1
Stealth        | 3 |  3.3
Shields        | 6 |  6.2

Action                   |  1- 3 |  4- 6 || total
-------------------------+-------+-------++-------
Melee: Long sword        |    62 |       ||    62
       Headbutt          |    12 |     1 ||    13
       Broad axe         |    15 |    11 ||    26
  Use: Scroll            |     9 |     3 ||    12
       Potion            |     1 |     4 ||     5
Armor: Scale mail        |    39 |     4 ||    43
Dodge: Dodged            |    36 |     2 ||    38
Block: Buckler           |    17 |     2 ||    19

Table legend: (Time is in decaauts)
 A = Elapsed time spent in this place.
 B = Non-inter-level travel time spent in this place.
 C = Inter-level travel time spent in this place.
 D = Time resting spent in this place.
 E = Time spent auto-exploring this place.
 F = Levels seen in this place.
 G = Mean time per level.
                   A        B        C        D        E       F      G
               +--------+--------+--------+--------+--------+-----+--------+
         Total |   1615 |   1579 |     36 |      0 |   1323 |   4 |  403.8 |
       Dungeon |   1615 |   1579 |     36 |      0 |   1323 |   4 |  403.8 |
               +--------+--------+--------+--------+--------+-----+--------+

Top non-repeatable levels by time:
     D:1: 824 daAuts
     D:2: 710 daAuts
     D:3: 51 daAuts
     D:6: 29 daAuts
